 Dungeon Crawl Stone Soup version 0.32-a0-558-g233958a4c4 (webtiles) character file.

Game seed: 6418296129853379553

502 mopl the Slasher (level 7, 0/50 HPs)
             Began as a Formicid Warper on Feb 29, 2024.
             Slain by a ribbon worm (8 damage)
             ... on level 3 of the Dungeon.
             The game lasted 00:03:51 (2586 turns).

mopl the Slasher (Formicid Warper)                  Turns: 2586, Time: 00:03:52

Health: 0/50       AC:  6    Str: 17    XL:     7   Next: 40%
Magic:  11/11      EV: 10    Int: 13    God:
Gold:   154        SH:  0    Dex: 13    Spells: 6/12 levels left

rFire   . . .        h - +2 spear (venom)
rCold   . . .        (no shield)
rNeg    . . .        m - +0 scale mail
rPois   .            (helmet unavailable)
rElec   .            (no cloak)
rCorr   .            (no gloves)
SInv    +            (no boots)
Will    .....        (no amulet) Stlth
                     (no ring)
HPRegen 0.28/turn    (no ring)
MPRegen 0.12/turn

%: no passive effects
@: no status effects
A: permanent stasis, dig shafts and tunnels, antennae 3, four strong arms
a: Dig, Shaft Self


You were on level 3 of the Dungeon.
You visited 1 branch of the dungeon, and saw 3 of its levels.

You collected 154 gold pieces.

Inventory:

Hand Weapons
 a - a +0 falchion
 h - a +2 spear of venom (weapon)
Missiles
 c - 7 darts of dispersal (quivered)
Armour
 m - a +0 scale mail (worn)
Jewellery
 j - an amulet of faith {!P}
Wands
 n - a wand of polymorph (7)
Scrolls
 b - a scroll of noise {unknown}
 e - a scroll of vulnerability {unknown}
 g - a scroll of blinking {unknown}
 i - a scroll of identify {unknown}
 k - a scroll of amnesia {unknown}
 o - a scroll of fog {unknown}
 p - a scroll of teleportation {unknown}
Potions
 d - a potion of attraction {unknown}
 f - a potion of invisibility {unknown}
 l - a potion of resistance {unknown}
 q - a potion of curing {unknown}


   Skills:
 - Level 2.1 Fighting
 * Level 6.3 Long Blades
 - Level 1.0 Throwing
 - Level 1.1 Armour
 - Level 1.7 Dodging
 - Level 3.0 Spellcasting
 + Level 4.2 Translocations


You had 6 spell levels left.
You knew the following spells:

 Your Spells              Type           Power      Damage    Failure   Level
a - Manifold Assault      Tloc           13%        N/A       80%         4
b - Lesser Beckoning      Tloc           26%        N/A       22%         2

Your spell library contained the following spells:

 Spells                   Type           Power      Damage    Failure   Level
 Gell's Gravitas          Tloc           13%        N/A       38%         3
 Teleport Other           Tloc           13%        N/A       38%         3
 Sting                    Conj/Alch      4%         1d3       63%         1
 Mercury Vapours          Alch/Air       2%         N/A       77%         2
 Ozocubu's Armour         Ice            1%         N/A       94%         3
 Olgreb's Toxic Radiance  Alch           1%         N/A       100%        4
 Metabolic Englaciation   Hex/Ice        0%         N/A       100%        5
 Dispersal                Tloc           6%         N/A       100%        6
 Sculpt Simulacrum        Ice/Alch       0%         N/A       100%        6
 Blink                    Tloc           Unusable   N/A       N/A         2
 Vhi's Electric Charge    Tloc/Air       Unusable   N/A       N/A         4

Dungeon Overview and Level Annotations

Branches:
Dungeon (3/15)

Altars:
Okawaru
Trog
Wu Jian


Innate Abilities, Weirdness & Mutations

You cannot be hasted, slowed, berserked, paralysed or teleported.
You can dig through walls and to a lower floor.
You have a pair of large antennae on your head. (SInv)
Your four strong arms can wield two-handed weapons with a shield.


Message History

You are caught in a web!
You are caught in a web!
You are caught in a web!
The web tears apart.
The moth of wrath goads the ribbon worm on!
The ribbon worm goes berserk!
The ribbon worm rages.
The ribbon worm attacks as it pursues you!
The ribbon worm barely misses you.
The ribbon worm rages.
You see here a rat corpse.
You hit the ribbon worm.
The ribbon worm is poisoned.
The ribbon worm is lightly wounded.
The ribbon worm bites you but does no damage.
The ribbon worm bites you!
You hit the ribbon worm but do no damage.
The ribbon worm is lightly wounded.
The ribbon worm bites you!
You puncture the ribbon worm!
The ribbon worm looks as sick as possible!
The ribbon worm is moderately wounded.
The ribbon worm barely misses you.
You hit the ribbon worm but do no damage.
The ribbon worm looks as sick as possible!
The ribbon worm is moderately wounded.
The ribbon worm bites you!
You are too injured to fight recklessly!
You are too injured to fight recklessly!
You hit the ribbon worm.
The ribbon worm looks as sick as possible!
The ribbon worm is heavily wounded.
The ribbon worm bites you!
* * * LOW HITPOINT WARNING * * *
The ribbon worm bites you.
* * * LOW HITPOINT WARNING * * *
You hit the ribbon worm.
The ribbon worm looks as sick as possible!
The ribbon worm is severely wounded.
The ribbon worm bites you!
You die...

######### ........##########
.######.##.......#
......#.##.###.#.# ######
......#.##.##....####....###
..................##.......##
......#.##.##...#.#.........#
......#.##.###...##....#....#
........##......@##...###...)#
###.##########.#.w....#y#._.)#
#.# #+####...###....# ###.###
#....#....## †.....#
#.......).# #.....#
##......)## #.#...# ##....###
......... ##### #.#...###


You could see a moth of wrath and a ribbon worm (berserk, extremely poisoned).

Vanquished Creatures
  Sigmund (D:3)
  A black bear (D:3)
  Jessica (D:2)
  Natasha (thrice) (D:2)
  Robin (D:2)
  5 adders
  4 dart slugs
  2 ribbon worms
  An orc (D:3)
  9 endoplasms
  3 giant cockroaches
  12 goblins
  6 hobgoblins
  2 jackals (D:3)
  6 ball pythons
  7 bats
  7 kobolds
  23 rats
94 creatures vanquished.

Notes
Turn   | Place    | Note
-------+----------+-------------------------------------------
     0 | D:1      | mopl the Formicid Warper began the quest for the Orb.
     0 | D:1      | Reached XP level 1. HP: 16/16 MP: 3/3
    84 | D:1      | Reached XP level 2. HP: 21/22 MP: 5/5
   150 | D:1      | Reached skill level 3 in Long Blades
   178 | D:1      | Learned a level 2 spell: Lesser Beckoning
   444 | D:1      | Reached XP level 3. HP: 25/27 MP: 6/6
   920 | D:2      | Reached XP level 4. HP: 23/33 MP: 7/7
   935 | D:2      | Found a faded altar of an unknown god.
  1012 | D:2      | Noticed Natasha
  1016 | D:2      | Killed Natasha
  1017 | D:2      | Reached skill level 4 in Long Blades
  1123 | D:2      | Reached skill level 3 in Translocations
  1139 | D:2      | Noticed Natasha
  1148 | D:2      | Reached XP level 5. HP: 28/38 MP: 8/8
  1153 | D:2      | Killed Natasha
  1183 | D:2      | Noticed Jessica
  1193 | D:2      | Killed Jessica
  1203 | D:2      | Noticed Robin
  1209 | D:2      | Killed Robin
  1210 | D:2      | Reached skill level 3 in Spellcasting
  1221 | D:2      | Reached XP level 6. HP: 19/44 MP: 10/10
  1487 | D:2      | Learned a level 4 spell: Manifold Assault
  1560 | D:2      | Noticed Natasha
  1568 | D:2      | Killed Natasha
  1569 | D:2      | Reached skill level 5 in Long Blades
  1901 | D:2      | Found a faded altar of an unknown god.
  2062 | D:3      | Noticed a black bear
  2073 | D:3      | Killed a black bear
  2265 | D:3      | Found an iron altar of Okawaru.
  2319 | D:3      | Noticed Sigmund
  2329 | D:3      | Killed Sigmund
  2330 | D:3      | Reached skill level 6 in Long Blades
  2330 | D:3      | Reached skill level 4 in Translocations
  2330 | D:3      | Reached XP level 7. HP: 24/50 MP: 11/11
  2462 | D:3      | Found an ornate altar of the Wu Jian Council.
  2541 | D:3      | Noticed a moth of wrath
  2544 | D:3      | Found a bloodstained altar of Trog.
  2586 | D:3      | Slain by a ribbon worm

Illustrated notes

Levels and vault maps discovered:
D:1:      dpeg_arrival_rhombus, layout_basic
D:2:      layout_basic, shapermc_ecumenical_altar_mp_urbaneastern,
          minmay_rat_gold_closets, uniq_robin, uniq_jessica, uniq_natasha
D:3:      layout_loops_corners, mainiacjoe_overflow_24_doors, tgw_trog,
          mainiacjoe_overflow_brackets, old_standard_altar, minmay_ruptured,
          uniq_ijyb, uniq_sigmund

Skill      XL: |  1  2  3  4  5  6 |
---------------+-------------------+-----
Long Blades    | 3 4 6 |  6.3
Translocations | 3 4 |  4.2
Spellcasting   | 3 |  3.0
Fighting       | |  2.1
Throwing       | |  1.0
Armour         | |  1.1
Dodging        | |  1.7

Action                     |  1- 3 |  4- 6 |  7- 9 || total
---------------------------+-------+-------+-------++-------
  Melee: Falchion          |    90 |       |       ||    90
         Spear             |    12 |   138 |    29 ||   179
 Armour: Leather armour    |    24 |       |       ||    24
         Ring mail         |    63 |    54 |       ||   117
         Scale mail        |       |    25 |    17 ||    42
  Dodge: Dodged            |    71 |    60 |     9 ||   140

Table legend: (Time is in decaauts)
 A = Elapsed time spent in this place.
 B = Non-inter-level travel time spent in this place.
 C = Inter-level travel time spent in this place.
 D = Time resting spent in this place.
 E = Time spent auto-exploring this place.
 F = Levels seen in this place.
 G = Mean time per level.
                   A        B        C        D        E       F      G
               +--------+--------+--------+--------+--------+-----+--------+
         Total |   2616 |   2564 |     52 |    193 |   1718 |   3 |  872.0 |
       Dungeon |   2616 |   2564 |     52 |    193 |   1718 |   3 |  872.0 |
               +--------+--------+--------+--------+--------+-----+--------+

Top non-repeatable levels by time:
     D:2: 1263 daAuts
     D:1: 730 daAuts
     D:3: 622 daAuts
